 Dungeon Crawl Stone Soup version 0.30-a0-1157-g2cc9ac7196 (webtiles) character file.

Game seed: 2617605457301048162

64 GloriousHammer the Conjurer (level 4, -1/37 (39) HPs)
             Began as a Gargoyle Reaver on Apr 25, 2023.
             Slain by a river rat (2 damage)
             ... in a sewer.
             The game lasted 00:06:03 (1152 turns).

GloriousHammer the Conjurer (Gargoyle Reaver)       Turns: 1152, Time: 00:06:04

HP:   -1/37 (39)    AC: 22    Str: 11 (12) XL:     4   Next: 12%
MP:   7/7           EV:  2    Int: 13 (15) God:
Gold: 96            SH:  0    Dex:  5 (8)  Spells: 5/8 levels left

rFire   . . .        a - +1 mace
rCold   . . .        (no shield)
rNeg    + . .        b - melded +0 leather armour
rPois   ∞            (helmet currently unavailable)
rElec   .            (cloak currently unavailable)
rCorr   .            (gloves currently unavailable)
SInv    .            (boots currently unavailable)
Will    .....        (no amulet)
Stlth   +            (no ring)
HPRegen 0.26/turn    (no ring)
MPRegen 0.10/turn

%: no passive effects
@: tree-form (expiring), attractive, lightly drained
A: stationary, stasis, torment immunity, boosted hp, sickness immunity, AC +3,
negative energy resistance 1, (electricity resistance), torment resistance 1,
petrification resistance, (deformed body), weak 2
a: no special abilities


You were in a sewer.
You were a tree.
You visited 1 branch of the dungeon, and saw 3 of its levels.
You also visited: Sewer.

You collected 96 gold pieces.

Inventory:

Hand Weapons
 a - a +1 mace (weapon)
Missiles
 c - 29 stones
Armour
 b - a +0 leather armour (melded)
Scrolls
 d - a scroll of teleportation
Potions
 e - 3 potions of degeneration
 f - a potion of lignification
 l - a potion of mutation


   Skills:
 - Level 2.3 Fighting
 + Level 3.5 Maces & Flails
 - Level 1.6 Dodging
 + Level 2.5 Spellcasting
 + Level 3.8 Conjurations
 - Level 1.0 Necromancy
 + Level 0.6 Translocations


You had 5 spell levels left.
You knew the following spells:

 Your Spells              Type           Power      Damage    Failure   Level
a - Kiss of Death         Conj/Necr      28%        2d7       9%          1
b - Momentum Strike       Conj/Tloc      14%        3d8       14%         2

Your spell library contained the following spells:

 Spells                   Type           Power      Damage    Failure   Level
 Hailstorm                Conj/Ice       6%         3d4       32%         3


Dungeon Overview and Level Annotations

Branches:
Dungeon (3/15)              Sewer (1/1)

Altars:

Shops:
D:2 (   D:3 [

Annotations:
D:1 fly vault


Innate Abilities, Weirdness & Mutations

You are a tree.
Your roots penetrate the ground, keeping you stationary.
You cannot be teleported.
You are immune to unholy pain and torment.
Your maximum health is greatly increased.
Your equipment is partially melded.
You are immune to sickness and miasma.
((Your stone body is resilient. (AC +3)))
You are immune to poison.
You resist negative energy. (rN+)
((You are resistant to electric shocks. (rElec)))
You are resistant to unholy torment.
You are immune to petrification.
((Armour fits poorly on your strangely shaped body.))
You are very weak. (Str -4)


Message History

You sock the jackal!
You kill the jackal!
Found 10 gold pieces.
You enter the shallow water.
Moving in this stuff is going to be slow.
A giant cockroach comes into view.
You hit the giant cockroach but do no damage.
The giant cockroach completely misses you.
Your unstable footing causes you to fumble your attack.
The giant cockroach bites you but does no damage.
The giant cockroach bites you.
Your unstable footing causes you to fumble your attack.
The giant cockroach misses you.
Your unstable footing causes you to fumble your attack.
The giant cockroach barely misses you.
You completely miss the giant cockroach.
The giant cockroach barely misses you.
The giant cockroach bites you but does no damage.
You hit the giant cockroach.
You kill the giant cockroach!
There is a glowing drain here.
The world spins around you as you enter the gateway.
You enter a sewer!
Found a gate leading back out of this place.
There is an empty arch of ancient stone here.
You hit the river rat.
The river rat is moderately wounded.
You closely miss the river rat.
The river rat is moderately wounded.
The river rat bites you but does no damage.
You hit the river rat.
The river rat is almost dead.
The river rat bites you.
You closely miss the river rat.
The river rat is severely wounded.
The rat bites you but does no damage. The river rat completely misses you.
You hit the river rat but do no damage.
You punch the river rat, but do no damage.
The river rat is severely wounded.
The rat bites you but does no damage. The river rat closely misses you.
The river rat barely misses you.
You barely miss the river rat.
The river rat is severely wounded.
The river rat bites you. x2
You completely miss the river rat.
The river rat is severely wounded.
The rat twitches its whiskers.
The river rat bites you!
* * * LOW HITPOINT WARNING * * *
The river rat closely misses you.
It was a potion of degeneration.
There was something very wrong with that liquid.
You feel weakened.
You feel dopey.
You feel clumsy.
The rat twitches its whiskers.
The river rat closely misses you. x2
It was a potion of lignification.
You turn into a tree.
Your +0 leather armour melds into your body.
Your roots penetrate the ground.
The river rat bites you but does no damage.
The river rat bites you!
* * * LOW HITPOINT WARNING * * *
It was a potion of mutation.
You feel extremely strange.
You feel weaker.
Your body twists and deforms.
You feel weaker.
The river rat bites you but does no damage.
The river rat bites you.
* * * LOW HITPOINT WARNING * * *
It was a potion of attraction.
You feel attractive to monsters.
The river rat bites you but does no damage.
The river rat barely misses you.
It was a potion of curing.
You feel better. The river rat barely misses you.
The river rat bites you but does no damage.
You closely miss the river rat.
The river rat is severely wounded.
The river rat bites you but does no damage.
The river rat bites you.
* * * LOW HITPOINT WARNING * * *
The air fills with toxic fumes!
As you read the scroll labelled WOSYCLAFON, it crumbles to dust.
It was a scroll of poison.
The river rat bites you but does no damage. x2
As you read the scroll labelled VUOTACI BUMIFO, it crumbles to dust.
It is a scroll of amnesia.
Really abort (and waste the scroll)? [Y]es or [N]o only, please.
Really abort (and waste the scroll)?
Okay, then.
The river rat completely misses you.
The river rat bites you but does no damage.
As you read the scroll labelled RIUKEPH QYSO, it crumbles to dust.
It is a scroll of enchant weapon.
Your +0 mace glows red for a moment.
The river rat bites you but does no damage.
The river rat bites you.
* * * LOW HITPOINT WARNING * * *
As you read the scroll labelled IMU VE EQESTA, it crumbles to dust.
You feel a strange sense of stasis.
It was a scroll of teleportation.
Your transformation is almost over.
The river rat bites you.
You die...

#.#
#§#
#§#
#§#
#§#
#r#
#r#
#r#
#♣#
#r#
#r#
#r#
#r#
#§#
#§#
#§#


You could see 2 river rats and 5 rats.

Vanquished Creatures
  An adder (D:2)
  A worm (D:2)
  2 dart slugs
  2 endoplasms (D:2)
  3 giant cockroaches
  A goblin (D:2)
  5 hobgoblins
  5 jackals
  7 kobolds
  A quokka (D:2)
  4 ball pythons
  4 bats
  2 frilled lizards (D:1)
  8 rats
46 creatures vanquished.

Notes
Turn   | Place    | Note
-------+----------+-------------------------------------------
     0 | D:1      | GloriousHammer the Gargoyle Reaver began the quest for the
                  | Orb.
     0 | D:1      | Reached XP level 1. HP: 12/12 MP: 3/3
    84 | D:1      | Reached XP level 2. HP: 16/17 MP: 5/5
   512 | D:1      | Learned a level 2 spell: Momentum Strike
   546 | D:2      | Reached XP level 3. HP: 20/21 MP: 6/6
   771 | D:2      | Found Vahasem's Antique Weapon Emporium.
   957 | D:2      | Reached skill level 1 in Necromancy
  1079 | D:2      | Reached XP level 4. HP: 25/25 MP: 7/7
  1093 | D:3      | Found Hexepoad's Antique Armour Boutique.
  1093 | D:3      | Found a glowing drain.
  1134 | Sewer    | Entered a sewer
  1145 | Sewer    | Gained mutation: You are weak. (Str -2) [potion of
                  | mutation]
  1145 | Sewer    | Gained mutation: Armour fits poorly on your strangely
                  | shaped body. [potion of mutation]
  1145 | Sewer    | Gained mutation: You are very weak. (Str -4) [potion of
                  | mutation]
  1145 | Sewer    | HP: 1/37 [river rat (3)]
  1151 | Sewer    | HP: 1/37 [river rat (5)]
  1152 | Sewer    | Slain by a river rat

Illustrated notes

Levels and vault maps discovered:
D:1:      minmay_arrival_floating_metal, layout_rooms
D:2:      layout_rooms, serial_shops, shop
D:3:      layout_loops_cross, cheibrodos_sewer_entry_drain, serial_shops,
          nicolae_shop_just_a_little_nook, shop, gammafunk_ghost_grave,
          uniq_jessica
Sewer:    sewer_kobolds

Skill      XL: |  1  2  3 |
---------------+----------+-----
Necromancy     | 1 |  1.0
Fighting       | |  2.3
Maces & Flails | |  3.5
Dodging        | |  1.6
Spellcasting   | |  2.5
Conjurations   | |  3.8
Translocations | |  0.6

Action                     |  1- 3 |  4- 6 || total
---------------------------+-------+-------++-------
  Melee: Mace              |   118 |    28 ||   146
         Punch             |     2 |     1 ||     3
   Cast: Kiss of Death     |     2 |       ||     2
    Use: Potion            |       |     5 ||     5
         Scroll            |       |     4 ||     4
 Armour: Leather armour    |    59 |    22 ||    81
         Skin              |       |     9 ||     9
  Dodge: Dodged            |    70 |    30 ||   100

Table legend: (Time is in decaauts)
 A = Elapsed time spent in this place.
 B = Non-inter-level travel time spent in this place.
 C = Inter-level travel time spent in this place.
 D = Time resting spent in this place.
 E = Time spent auto-exploring this place.
 F = Levels seen in this place.
 G = Mean time per level.
                   A        B        C        D        E       F      G
               +--------+--------+--------+--------+--------+-----+--------+
         Total |   1198 |   1173 |     25 |    154 |    575 |   4 |  299.5 |
       Dungeon |   1179 |   1154 |     25 |    154 |    575 |   3 |  393.0 |
         Sewer |     19 |     19 |      0 |      0 |      0 |   1 |   19.0 |
               +--------+--------+--------+--------+--------+-----+--------+

Top non-repeatable levels by time:
     D:2: 590 daAuts
     D:1: 556 daAuts
     D:3: 32 daAuts
   Sewer: 19 daAuts
